Unix NetHack Version 5.0.0-0 post-release - last build Jul 19 2026 19:10:59 (3aa4ab31751d3886436d94b585a96704892fd477,branch:main).

Game began 2026-07-20 15:46:51, ended 2026-07-21 12:03:06.

FoolishJester, lawful male human Knight

                                           ----.
                                           |..|.|
                                        -----...|
                                        ....d@..|
                                         ------.|                        |..|
                                              |.-----                   --..|
                                              |..|..-----              --...|
                                              --.....|....            --)..0|
                                               |........--          ---..|..|
                                               --...0.|..------------...-----
                                                ------|*..............---
                                                      -----------------

FoolishJester the Esquire  St:14 Dx:9 Co:12 In:10 Wi:16 Ch:17  Lawful
Dlvl:5  $:106 HP:0(24) Pw:15(15) AC:3  Xp:3 T:1798  Burdened

Latest messages:
 There is nothing here to pick up.
 There is nothing here to pick up.
 There is nothing here to pick up.
 You hit the gnome.
 You kill the gnome!
 Welcome to experience level 3.
 You have a little trouble lifting l - a blue gem.
 o - a red gem.
 You hit the gnome.
 The gnome swings his aklys.
 The gnome hits!
 You miss the gnome.
 The gnome swings his aklys.
 The gnome hits!
 You kill the gnome!
 You see here an aklys.
 You have a little trouble lifting p - an aklys.
 There appears to be no shopkeeper here to receive your payment.
 You hit the gnome.
 The gnome hits!
 You hit the gnome.
 You kill the gnome!
 You see here a gnome corpse.
 Click!  You trigger a rolling boulder trap!
 Fortunately for you, no boulder was released.
 You have a little trouble lifting q - a green gem.
 You fall down the stairs.
 There is a staircase up to level 4 here.
 You see here a boulder.
 There are several objects here.
 You hear a wolf howling at the moon.
 You have a little trouble lifting r - 18 crossbow bolts.
 v - a crossbow.
 w - a blue gem.
 x - a white gem.
 You see here a pair of iron shoes.
 You have a little trouble lifting y - a pair of iron shoes.
 You see here 7 rocks.
 There is nothing here to pick up.
 Pick a monster, object or location.
 The werewolf hits!
 Pick a monster, object or location.
 The werewolf changes into a wolf.
 The werewolf bites!
 You die...
 Do you want your possessions identified? y
 Do you want to see your attributes? y
 Do you want an account of creatures vanquished? y
 Do you want to see your conduct and achievements? y
 Do you want to see the dungeon overview? y

Inventory:
 Coins    ('$')
  $ - 106 gold pieces
 Weapons  (')')
  r - 18 +0 crossbow bolts
  v - a +0 crossbow
  p - a +0 aklys
  a - a rusty +1 long sword (alternate weapon; not wielded)
  b - a +2 lance (weapon in right hand)
 Armor    ('[')
  d - an uncursed +0 helmet (being worn)
  f - an uncursed +0 pair of leather gloves (being worn)
  y - an uncursed +0 pair of iron shoes
  e - an uncursed +0 small shield (being worn)
  c - an uncursed +1 ring mail (being worn)
 Comestibles  ('%')
  h - 10 uncursed carrots
  n - an uncursed clove of garlic
  k - 3 uncursed food rations
 Scrolls  ('?')
  J - an uncursed scroll of earth
  H - an uncursed scroll of taming
 Spellbooks  ('+')
  m - a blessed spellbook of knock
 Potions  ('!')
  s - an uncursed potion of fruit juice
 Wands    ('/')
  i - a wand of digging (0:6)
 Tools    ('(')
  u - a blessed brass lantern (lit)
  j - an expensive camera (0:63)
 Gems/Stones  ('*')
  K - an uncursed aquamarine stone
  w - an uncursed worthless piece of blue glass
  l - a cursed worthless piece of blue glass
  q - an uncursed worthless piece of green glass
  t - an uncursed worthless piece of orange glass
  o - an uncursed worthless piece of red glass
  L - an uncursed worthless piece of violet glass
  x - an uncursed worthless piece of white glass

FoolishJester the Knight's attributes:

Background:
 You were an Esquire, a level 3 male human Knight.
 You were lawful, nominally on a mission for Lugh
 who was opposed by Brigit (neutral) and Manannan Mac Lir (chaotic).
 You were right-handed.
 You were in the Gnomish Mines, on level 5.
 You entered the dungeon 1798 turns ago.
 You had 58 experience points, 22 more were needed to attain level 4.

Basics:
 You had 0 out of 24 hit points.
 You had all 15 energy points (spell power).
 Your armor class was 3.
 Your wallet contained 106 zorkmids.
 Autopickup was off.

Final Characteristics:
 Your strength was 14 (limit:18/100).
 Your dexterity was 9 (limit:18).
 Your constitution was 12 (limit:18).
 Your intelligence was 10 (limit:18).
 Your wisdom was 16 (limit:18).
 Your charisma was 17 (limit:18).

Final Status:
 You weren't hungry.
 You were burdened; movement was slightly slowed.
 You were wielding a lance.
 You had basic skill with lance.

Final Attributes:
 You were devoutly aligned.
 You could jump.
 You were warded.
 Your spell casting was impaired by metallic armor.
 You are dead.

Miscellaneous:
 You encountered 1 bones level.
 Total elapsed playing time was 26 minutes and 22 seconds.

Major events:
 Turn
    1: FoolishJester the lawful male human Knight entered the dungeon
 1700: entered the Gnomish Mines
 1717: attained the rank of Esquire (level 3)
 1798: killed by a werewolf

Spells:
 Name                 Level Category     Fail Retention
 knock                  1   matter       100%  76%-100%

Skills:
 Fighting Skills
   bare handed combat [Unskilled]
   two weapon combat  [Unskilled]
   riding             [Basic]
 Weapon Skills
   dagger             [Unskilled]
   knife              [Unskilled]
   axe                [Unskilled]
   pick-axe           [Unskilled]
   short sword        [Unskilled]
   broadsword         [Unskilled]
   long sword         [Basic]
   two-handed sword   [Unskilled]
   saber              [Unskilled]
   club               [Unskilled]
   mace               [Unskilled]
   morning star       [Unskilled]
   flail              [Unskilled]
   hammer             [Unskilled]
   polearms           [Unskilled]
   spear              [Unskilled]
   trident            [Unskilled]
   lance              [Basic]
   bow                [Unskilled]
   crossbow           [Unskilled]
 Spellcasting Skills
   attack spells      [Unskilled]
   healing spells     [Unskilled]
   clerical spells    [Unskilled]

Voluntary challenges:
 Character rerolling was not enabled.
 You were vegetarian.
 You were an atheist.
 You never genocided any monsters.
 You never polymorphed an object.
 You never changed form.
 You used no wishes.
Achievements:
 You entered a shop.
 You entered the Gnomish Mines.
 You attained the rank of Esquire.

 The Dungeons of Doom: levels 1 to 4
    Level 1:
    Level 2:
    Level 3:
       A weapon shop.
       Stairs down to The Gnomish Mines.
    Level 4:
 The Gnomish Mines: levels 4 to 5
    Level 4:
    Level 5: <- You were here.
       Final resting place for
          you, killed by a werewolf,
          androo-Wiz-Hum-Mal-Neu, killed by a wolf.


Vanquished creatures:
  a shrieker
  a brown mold
  3 gnomes
  4 jackals
  3 foxes
  6 grid bugs
  4 lichens
  a kobold zombie
  6 newts
29 creatures vanquished.

No species were genocided or became extinct.

Game over:
                       ----------
                      /          \
                     /    REST    \
                    /      IN      \
                   /     PEACE      \
                  /                  \
                  |  FoolishJester   |
                  |      106 Au      |
                  |   killed by a    |
                  |     werewolf     |
                  |                  |
                  |                  |
                  |       2026       |
                 *|     *  *  *      | *
        _________)/\\_//(\/(/\)/\//\/|_)_______

Fare thee well FoolishJester the Knight...

You died in The Gnomish Mines on dungeon level 5 with 538 points,
and 106 pieces of gold, after 1798 moves.
You were level 3 with a maximum of 24 hit points when you died.

